 Dungeon Crawl Stone Soup version 0.31-a0-691-g409c26aa35 (webtiles) character file.

Game seed: 3580741991594535912

49 qw the Shooter (level 3, -1/22 HPs)
             Began as a Gargoyle Hunter on Sept 6, 2023.
             Slain by a hobgoblin (4 damage)
             ... led by Robin
             ... on level 2 of the Dungeon.
             The game lasted 00:00:25 (1068 turns).

qw the Shooter (Gargoyle Hunter)                    Turns: 1068, Time: 00:00:26

Health: -1/22      AC: 12    Str: 14    XL:     3   Next: 77%
Magic:  3/3        EV: 10    Int:  9    God:
Gold:   39         SH:  0    Dex: 15    Spells: 2/2 levels left

rFire   . . .        Y - +0 shortbow
rCold   . . .        (shield currently unavailable)
rNeg    + . .        d - +0 ring mail
rPois   inf          (no helmet)
rElec   +            (no cloak)
rCorr   .            c - +2 pair of gloves
SInv    .            k - +0 pair of boots
Will    .....        (no amulet)
Stlth   +            (no ring)
HPRegen 0.23/turn    (no ring)
MPRegen 0.08/turn

%: no passive effects
@: no status effects
A: sickness immunity, AC +3, negative energy resistance 1, electricity
resistance, torment resistance 1, petrification resistance
a: no special abilities


You were on level 2 of the Dungeon.
You visited 1 branch of the dungeon, and saw 3 of its levels.

You collected 39 gold pieces.


Innate Abilities, Weirdness & Mutations

You are immune to sickness and miasma.
Your stone body is resilient. (AC +3)
You are immune to poison.
You resist negative energy. (rN+)
You are resistant to electric shocks. (rElec)
You are resistant to unholy torment.
You are immune to petrification.


   Skills:
 + Level 2.5 Fighting
 - Level 5.0 Ranged Weapons
 - Level 1.0 Armour
 - Level 1.5 Dodging
 - Level 1.1 Stealth


You had 2 spell levels left.
You didn't know any spells.
Your spell library was empty.

Inventory:

Hand Weapons
 Y - a +0 shortbow (weapon)
Armour
 c - a +2 pair of gloves (worn)
 d - a +0 ring mail (worn)
 k - a +0 pair of boots (worn)
Potions
 a - a potion of haste {unknown}
 f - a potion of brilliance {unknown}
 g - a potion of curing {unknown}
 h - a potion of berserk rage {unknown}
 i - a potion of might {unknown}
 j - 2 potions of cancellation

Dungeon Overview and Level Annotations

Branches:
Dungeon (3/15)

Altars:

Shops:
D:1 (   D:2 (

Annotations:
D:3 Robin


Message History

The goblin hits you but does no damage. The hobgoblin misses you.
The hobgoblin closely misses you. The hobgoblin misses you.
The goblin hits you but does no damage. The goblin barely misses you.
You climb upwards.
There is a stone staircase leading down here.
You shoot an arrow. The arrow hits the hobgoblin!
You kill the hobgoblin!
The bat barely misses you. The bat hits you but does no damage.
The bat misses you. The goblin misses you.
The hobgoblin hits you but does no damage.
You shoot an arrow.
The arrow hits the goblin but does no damage.
The bat misses you. The hobgoblin completely misses you.
The goblin hits you with a +0 dagger. The hobgoblin barely misses you.
The goblin closely misses you. The goblin barely misses you.
The hobgoblin barely misses you. The hobgoblin hits you.
The goblin hits you but does no damage.
You shoot an arrow. The arrow hits the goblin.
You kill the goblin!
The bat closely misses you. The hobgoblin barely misses you.
The goblin barely misses you. x2; The hobgoblin barely misses you.
You shoot an arrow. The arrow hits the hobgoblin!
You kill the hobgoblin!
The bat hits you but does no damage. The goblin hits you but does no damage.
The hobgoblin hits you but does no damage.
The goblin hits you but does no damage.
You shoot an arrow. The arrow closely misses the goblin.
The bat barely misses you. The goblin hits you with a +0 club.
The hobgoblin hits you. The goblin hits you but does no damage.
You shoot an arrow. The arrow hits the goblin.
The goblin is moderately wounded.
The bat misses you. The goblin hits you but does no damage.
The goblin closely misses you. The hobgoblin hits you.
The bat hits you but does no damage.
You shoot an arrow. The arrow hits the goblin!
You kill the goblin!
The bat hits you but does no damage. The hobgoblin hits you.
The goblin closely misses you. The bat barely misses you.
The hobgoblin hits you.
You die...

#########.###..###.....#
#..........##......##...
#.....[....#......######
#......................#
#.......................
#..........#.....#####.#
#...............## #..
#.....ggb....#...######.
#.....)@.....#.#....##..
###########..#......##.#
##...##........#
#..#.###....####
####.##.# #....## #
#.......# #<....# #
#.......# #.....###
#.......###..(..##.
#.........>...#)##.


You could see a hobgoblin (strong), a goblin (strong) and a bat.

Vanquished Creatures
  2 adders (D:2)
  3 endoplasms
  4 hobgoblins
  4 jackals (D:1)
  4 kobolds
  3 ball pythons
  2 bats (D:1)
  2 frilled lizards
  5 goblins (D:2)
  A rat (D:2)
30 creatures vanquished.

Notes
Turn   | Place    | Note
-------+----------+-------------------------------------------
     0 | D:1      | qw the Gargoyle Hunter began the quest for the Orb.
     0 | D:1      | Reached XP level 1. HP: 12/12 MP: 1/1
     0 | D:1      | 0 ||| qw: Version: 0.3-a-76-g4403597
     0 | D:1      | 0 ||| qw: Game counter: 216
     0 | D:1      | 0 ||| qw: Melee chars always use a shield: true
     0 | D:1      | 0 ||| qw: God list: Okawaru
     0 | D:1      | 0 ||| qw: Allow faded altars: false
     0 | D:1      | 0 ||| qw: Do Orc after clearing Dungeon:15 true
     0 | D:1      | 0 ||| qw: Do second Lair branch before Depths: true
     0 | D:1      | 0 ||| qw: Lair rune preference: random
     0 | D:1      | 0 ||| qw: Goals: Normal
     0 | D:1      | 0 ||| PLANNING D:1-11
    70 | D:1      | HP: 2/12 [jackal (2)]
   212 | D:1      | Reached XP level 2. HP: 17/17 MP: 2/2
   418 | D:1      | Found Kicue's Antique Weapon Boutique.
   426 | D:1      | 426 ||| SHOPLISTING glowing hand cannon (136 gold, have
                  | 27).
   426 | D:1      | 426 ||| SHOPLISTING glowing sling (94 gold, have 27).
   575 | D:1      | 575 ||| UPGRADING to +0 ring mail.
   585 | D:1      | 585 ||| DROPPING +0 leather armour.
   586 | D:1      | 586 ||| UPGRADING to +0 pair of boots.
   591 | D:1      | 591 ||| READING scroll labelled OTROGH ZAEBB.
   592 | D:1      | 592 ||| DRINKING 3 golden potions.
   593 | D:1      | 593 ||| DROPPING scroll of butterflies.
   688 | D:2      | Reached skill level 1 in Armour
   720 | D:2      | Found Daxokk's Weapon Emporium.
   762 | D:2      | Reached XP level 3. HP: 21/21 MP: 3/3
   808 | D:2      | Reached skill level 5 in Ranged Weapons
  1012 | D:2      | 1012 ||| DROPPING scarf of shadows.
  1013 | D:2      | 1013 ||| UPGRADING to +2 pair of gloves.
  1018 | D:2      | 1018 ||| READING scroll labelled ZIMATHRO FIMI.
  1033 | D:2      | 1033 ||| READING scroll labelled JUTHOCW BIRENE.
  1041 | D:3      | Noticed Robin
  1042 | D:3      | 1042 ||| STAIRDANCE
  1060 | D:3      | 1060 ||| STAIRDANCE
  1068 | D:2      | HP: 3/22 [hobgoblin[Robin] (4)]
  1068 | D:2      | Slain by a hobgoblin

Levels and vault maps discovered:
D:1:      minmay_arrival_nine_rooms, layout_basic, serial_shops,
          nicolae_shop_rolling_square
D:2:      layout_rooms, serial_shops, shop
D:3:      layout_rooms, minitemple, okawaru_trees_2,
          mainiacjoe_overflow_24_doors, mainiacjoe_overflow_six_doors_small,
          basic_ecumenical_altar, uniq_robin

Skill      XL: |  1  2  3 |
---------------+----------+-----
Armour         | 1 |  1.0
Ranged Weapons | 5 |  5.0
Fighting       | |  2.5
Dodging        | |  1.5
Stealth        | |  1.1

Action                     || total
---------------------------++-------
   Fire: Shortbow          ||    89
    Use: Scroll            ||     3
         Potion            ||     1
 Armour: Leather armour    ||    24
         Ring mail         ||    37
  Dodge: Dodged            ||    74

Table legend:
 A = Non-vault XP
 B = Vault XP
 C = Vault XP percentage of total XP
 D = Non-vault monster count
 E = Vault monster count
 F = Vault count percentage of total count
                 A         B        C        D         E       F
            +---------+---------+-------+---------+---------+-------
      Total |      62 |      11 |  15.1 |      24 |       6 |  20.0
            +---------+---------+-------+---------+---------+-------
        D:1 |      20 |       0 |   0.0 |      12 |       0 |   0.0
        D:2 |      42 |      11 |  20.8 |      12 |       6 |  33.3
            +---------+---------+-------+---------+---------+-------
